 Dungeon Crawl Stone Soup version 0.31-a0-841-g038b102fc3 (webtiles) character file.

Game seed: 617776618276212931

5 Kurtz the Shield-Bearer (level 1, 0/24 HPs)
             Began as an Octopode Fighter on Sept 28, 2023.
             Slain by a quokka (2 damage)
             ... on level 1 of the Dungeon.
             The game lasted 00:00:07 (35 turns).

Kurtz the Shield-Bearer (Octopode Fighter)            Turns: 35, Time: 00:00:07

Health: 0/24       AC: 20    Str: 15    XL:     1   Next: 80%
Magic:  1/1        EV:  2    Int: 10    God:
Gold:   0          SH:  4    Dex: 11    Spells: 0/0 levels left

rFire   . . .        a - +0 war axe
rCold   . . .        b - +0 buckler
rNeg    . . .        (helmet currently unavailable)
rPois   +            (no amulet)
rElec   .            (no ring)
rCorr   .            (no ring)
SInv    .            (no ring)
Will    .....        (no ring)
Stlth   +            (no ring)
HPRegen 0.24/turn    (no ring)
MPRegen 0.07/turn    (no ring)
                     (no ring)

%: no passive effects
@: tree-form
A: stationary, stasis, torment immunity, boosted hp, almost no armour,
(amphibious), 8 rings, (camouflage 1), (gelatinous body 1), (nimble swimmer 1),
(tentacles)
a: no special abilities


You were on level 1 of the Dungeon.
You were a tree.
You visited 1 branch of the dungeon, and saw 1 of its levels.

Inventory:

Hand Weapons
 a - a +0 war axe (weapon)
Armour
 b - a +0 buckler (worn)
Scrolls
 d - a scroll of immolation {unknown}
Potions
 c - a potion of might


   Skills:
 - Level 3.0 Fighting
 * Level 2.5 Axes
 - Level 3.0 Dodging
 - Level 3.0 Shields


You couldn't memorise any spells.
You didn't know any spells.
Your spell library contained the following spells:

 Spells                   Type           Power      Damage    Failure   Level
 Summon Forest            Summ/Tloc      0%         N/A       100%        5
 Summon Mana Viper        Hex/Summ       0%         N/A       100%        5
 Summon Cactus Giant      Summ           0%         N/A       100%        6


Dungeon Overview and Level Annotations

Branches:
Dungeon (1/15)

Altars:


Innate Abilities, Weirdness & Mutations

You are a tree.
Your roots penetrate the ground, keeping you stationary.
You cannot be teleported.
You are immune to unholy pain and torment.
Your maximum health is greatly increased.
You cannot wear most types of armour.
((You are amphibious.))
You can wear up to eight rings at the same time.
((Your skin changes colour to match your surroundings (Stealth+).))
((Your rubbery body absorbs attacks. (AC +1, EV +1)))
((You are camouflaged when in or above water. (Stealth+)))
((You have tentacles for arms and can constrict up to eight enemies at once.))


Message History

You slash the bat!
You kill the bat!
The quokka twitches its whiskers.
You closely miss the quokka. Your grab misses the quokka.
Your squeeze misses the quokka. The quokka barely misses you.
A jackal comes into view.
The quokka barely misses you. The hobgoblin hits you.
There are monsters nearby!
The jackal barks!
You hit the jackal. You grab the jackal. You squeeze the jackal.
You kill the jackal!
You barely miss the quokka. You barely miss the hobgoblin.
The quokka barely misses you. The hobgoblin hits you.
You block the quokka's attack. The ball python barely misses you.
The ball python closely misses you.
You slash the ball python!
You kill the ball python!
You closely miss the quokka. You slash the hobgoblin!
You kill the hobgoblin!
The quokka bites you. The quokka misses you.
There are monsters nearby!
Unknown command.
You are too injured to fight recklessly!
You are too injured to fight recklessly!
Unknown command.
You are too injured to fight recklessly!
You are too injured to fight recklessly!
You closely miss the quokka. You grab the quokka.
You constrict the quokka, but do no damage.
The quokka bites you.
* * * LOW HITPOINT WARNING * * *
You hit the quokka but do no damage. You barely miss the jackal.
You constrict the quokka. You block the jackal's attack. The quokka bites you.
* * * LOW HITPOINT WARNING * * *
You block the jackal's attack. The quokka barely misses you.
Unknown command.
It was a potion of lignification.
You turn into a tree.
Your roots penetrate the ground.
You lose your grip on the quokka.
You block the jackal's attack. The quokka bites you.
You die...

##...#...(.......
#####..#####.........
##.....## ###.......
##.....## ###.....
#.......# ......
#.......# .......
#.[.....# ##.....##
#....♣# #....hr.#
#.........
#........##
#.........
#..#.......=
#.#..#..##..#
..#.###.. #.#


You could see a quokka and a jackal.

Vanquished Creatures
  A ball python (D:1)
  A bat (D:1)
  A hobgoblin (D:1)
  A jackal (D:1)
4 creatures vanquished.

Notes
Turn   | Place    | Note
-------+----------+-------------------------------------------
     0 | D:1      | Kurtz the Octopode Fighter began the quest for the Orb.
     0 | D:1      | Reached XP level 1. HP: 16/16 MP: 1/1
    35 | D:1      | Slain by a quokka

Illustrated notes

Levels and vault maps discovered:
D:1:      nzn_arrival_depleted_hourglass, layout_rooms

Action                     || total
---------------------------++-------
  Melee: War axe           ||     7
         Constrict         ||     3
         Tentacles         ||     1
    Use: Potion            ||     1
 Armour: Skin              ||     6
  Dodge: Dodged            ||     9
  Block: Buckler           ||     4

Table legend: (Time is in decaauts)
 A = Elapsed time spent in this place.
 B = Non-inter-level travel time spent in this place.
 C = Inter-level travel time spent in this place.
 D = Time resting spent in this place.
 E = Time spent auto-exploring this place.
 F = Levels seen in this place.
 G = Mean time per level.
                   A        B        C        D        E       F      G
               +--------+--------+--------+--------+--------+-----+--------+
         Total |     38 |     38 |      0 |      0 |     19 |   1 |   38.0 |
       Dungeon |     38 |     38 |      0 |      0 |     19 |   1 |   38.0 |
               +--------+--------+--------+--------+--------+-----+--------+

Top non-repeatable levels by time:
     D:1: 38 daAuts
